 Dungeon Crawl Stone Soup version 0.16.1-7-g2c6721e (webtiles) character file.

113 Radiman the Digger (level 4, 0/24 HPs)
             Began as a Gargoyle Earth Elementalist on Mar 29, 2015.
             Slain by an orc wizard
             ... wielding a +0 war axe
              (6 damage)
             ... on level 3 of the Dungeon.
             The game lasted 00:30:40 (2917 turns).

Radiman the Digger (Gargoyle Earth Elementalist)    Turns: 2917, Time: 00:30:40

Health: 0/24       AC:  6    Str: 11    XL:     4   Next: 96%
Magic:  1/10       EV: 12    Int: 17    God:
Gold:   152        SH:  0    Dex: 10    Spells: 1 memorised, 9 levels left

rFire  . . .     SeeInvis .     (no weapon)
rCold  . . .     Clarity  .     e - +0 robe
rNeg   + . .     SustAb   .     (no shield)
rPois  ∞         Gourm    .     q - +0 helmet
rElec  +         Spirit   .     (no cloak)
rCorr  .         Warding  .     (no gloves)
rMut   .         Stasis   .     (no boots)
MR     .....                    (no amulet)
Stlth  ++........               (no ring)
                                (no ring)

@: not resistant to hostile enchantments, unstealthy
A: negative energy resistance 1, electricity resistance, unbreathing,
petrification resistance, rot immunity, AC +3
a: no special abilities


You were on level 3 of the Dungeon.
You were not hungry.

You visited 1 branch of the dungeon, and saw 3 of its levels.

You collected 152 gold pieces.

Inventory:

Hand weapons
 j - a +0 mace
Missiles
 b - 265 stones (quivered)
Armour
 e - a +0 robe (worn)
 i - a cursed +0 buckler
 q - a +0 helmet (worn)
Scrolls
 g - 3 scrolls of identify {unknown}
 k - 2 scrolls of remove curse {unknown}
 p - a scroll of recharging {unknown}
 r - a scroll of random uselessness {unknown}
Potions
 c - a potion of resistance {unknown}
 f - 5 potions of curing {unknown}
 l - a potion of brilliance {unknown}
Books
 d - a book of Geomancy

   Spells                             Type                      Level
   a - Sandblast                      Earth                        1
   b - Stoneskin                      Transmutation/Earth          2
   c - Passwall                       Transmutation/Earth          3
   d - Stone Arrow                    Conjuration/Earth            3
   e - Petrify                        Transmutation/Earth          4
   f - Lee's Rapid Deconstruction     Earth                        5
Comestibles
 a - 2 meat rations
 h - 3 fruits
 m - a beef jerky
 n - a bread ration
 o - a slice of pizza


   Skills:
 - Level 1.5 Dodging
 - Level 2.1 Stealth
 * Level 3.8 Spellcasting
   Level 0.7 Transmutations
 + Level 4.8 Earth Magic


You had 9 spell levels left.
You knew the following spells:

 Your Spells              Type           Power        Failure   Level  Hunger
a - Sandblast             Erth           ###...       2%          1    None


Dungeon Overview and Level Annotations

Branches:
Dungeon (3/15)

Altars:
Qazlal

Annotations:
D:3 exclusion: ogre


Innate Abilities, Weirdness & Mutations

You are resistant to torment.
You are immune to poison.
Your stone body is very resilient (AC +3).
You resist negative energy.
You are resistant to electric shocks.
You can survive without breathing.
You are immune to petrification.
You are immune to rotting.


Message History

Confirm with . or Enter, or press ? or * to list all spells.
Aiming: Sandblast
Press: ? - help, Shift-Dir - straight line, f/p - orc wizard
Aim: an orc wizard, wielding a war axe and wearing a robe (almost dead)
The blast of sand misses the orc wizard.
The orc wizard barely misses you.
Casting: Sandblast
Confirm with . or Enter, or press ? or * to list all spells.
Aiming: Sandblast
Press: ? - help, Shift-Dir - straight line, f/p - orc wizard
Aim: an orc wizard, wielding a war axe and wearing a robe (almost dead)
The blast of sand misses the orc wizard.
The orc wizard gestures wildly while chanting.
The orc wizard flickers and vanishes!
Deactivating autopickup; reactivate with Ctrl-A.
Autopickup is now on.
Number of times to repeat, then command key: You must enter the number of times for the command to repeat.
Something hits you.
You die...

#.#...#.# #.##.##.....##
#.......# #.##.##.#..... #
#####...### #.##......#.##
##.##.....).######.#####.#.....
#.....###.#.##......####.....##
#..####.####..##.###.......#.....
####.##....##.####.###########
#...........{.........#
#.##.####..##@#..#.##.# #
#.......##.#..#.##.#
.....####.###......##.# ....# #.#
###.##.##.# .##.####.###
#.##.##.# .. #.##.....# #....)..#
#.##.....# ####.#### . #.....#
#.# #..<..# #.#


There were no monsters in sight!

Vanquished Creatures
  2 adders
  4 worms
  3 giant geckos
  3 orcs (D:3)
  9 bats
  7 giant cockroaches
  6 goblins
  6 hobgoblins
  4 jackals (D:1)
  4 quokkas
  2 giant newts
  4 kobolds
  12 rats
66 creatures vanquished.

Notes
Turn   | Place    | Note
--------------------------------------------------------------
     0 | D:1      | Radiman, the Gargoyle Earth Elementalist, began the quest for the Orb.
     0 | D:1      | Reached XP level 1. HP: 10/10 MP: 3/3
   138 | D:1      | Reached XP level 2. HP: 15/15 MP: 1/5
   542 | D:1      | Reached skill level 4 in Earth Magic
  1034 | D:1      | Reached XP level 3. HP: 13/19 MP: 0/6
  1314 | D:2      | Found a stormy altar of Qazlal.
  1580 | D:2      | Reached XP level 4. HP: 21/24 MP: 3/9
  2297 | D:3      | Noticed an ogre
  2917 | D:3      | Slain by an orc wizard

Action                   |  1- 3 |  4- 6 || total
-------------------------+-------+-------++-------
Melee: Unarmed           |     4 |     2 ||     6
       Mace              |    22 |     1 ||    23
 Cast: Sandblast         |    76 |    79 ||   155
  Eat: Chunk             |     1 |     1 ||     2
       Bread ration      |     1 |       ||     1
